 Dungeon Crawl Stone Soup version 0.31-a0-986-g5e6e4ef867 (webtiles) character file.

Game seed: 6292237669104983458

24877 pokeman the Eclecticist (level 12, -1/68 HPs)
             Began as a Deep Elf Hedge Wizard on Nov 11, 2023.
             Was an Elder of Vehumet.
             Succumbed to barbed spike wounds
             ... on level 13 of the Dungeon.
             The game lasted 00:36:08 (15052 turns).

pokeman the Eclecticist (Deep Elf Hedge Wizard)    Turns: 15052, Time: 00:36:09

Health: -1/68      AC: 11    Str:  9    XL:     12   Next: 84%
Magic:  41/44      EV: 12    Int: 25    God:    Vehumet [****..]
Gold:   956        SH:  0    Dex: 17    Spells: 24/46 levels left

rFire   + + .        N - +5 halberd of Urgency {venom, rF+}
rCold   . . .        (shield currently unavailable)
rNeg    . . .        J - +3 leather armour {rC+}
rPois   .            a - +0 helmet
rElec   +            X - +0 cloak {rCorr}
rCorr   +            I - +0 pair of gloves {Dex+3}
SInv    .            T - +0 pair of boots
Will    +....        y - amulet of regeneration
Stlth   ++           V - ring of magical power
HPRegen 1.11/turn    r - ring of Siur {Fire rElec Str+2}
MPRegen 0.29/turn

%: no passive effects
@: spiked, on blink cooldown
A: no striking features
a: Renounce Religion


You were on level 13 of the Dungeon.
You worshipped Vehumet.
Vehumet was greatly pleased with you.
You visited 2 branches of the dungeon, and saw 14 of its levels.
You also visited: Sewer.

You collected 956 gold pieces.

Inventory:

Hand Weapons
 N - the +5 halberd of Urgency (weapon) {venom, rF+}
   (You found it on level 9 of the Dungeon)

   rF+:       It protects you from fire.
 S - the +3 dagger "Cixiurir" {freeze, Drain Fly rC+}
   (You found it on level 10 of the Dungeon)

   rC+:       It protects you from cold.
   Fly:       It grants you flight.
   Drain:     It drains your maximum health when unequipped.
Missiles
 t - 2 throwing nets
 Q - a curare-tipped dart
Armour
 a - a +0 helmet (worn)
 I - a +0 pair of gloves of dexterity (worn)
 J - a +3 leather armour of cold resistance (worn)
 K - a +0 buckler
 T - a +0 pair of boots (worn)
 X - a +0 cloak of preservation (worn)
 Z - a scarf of resistance
Magical Staves
 O - a staff of conjuration
Jewellery
 j - a ring of wizardry
 r - the ring of Siur (right hand) {Fire rElec Str+2}
   (You took it off a goblin on level 3 of the Dungeon)

   [ring of fire]

   Fire:      It enhances your fire magic.
   Str+2:     It affects your strength (+2).
   rF+:       It protects you from fire.
   rC-:       It makes you vulnerable to cold.
   rElec:     It insulates you from electricity.
 y - an amulet of regeneration (around neck)
 V - a ring of magical power (left hand)
Wands
 w - a wand of polymorph (16)
 F - a wand of quicksilver (5)
Scrolls
 k - 2 scrolls of blinking
 o - 7 scrolls of teleportation {unknown}
 v - 2 scrolls of revelation {unknown}
 x - 2 scrolls of enchant weapon {unknown}
 A - 2 scrolls of poison {unknown}
 E - a scroll of fear {unknown}
 M - a scroll of vulnerability {unknown}
Potions
 d - 3 potions of magic
 i - 6 potions of heal wounds {unknown}
 l - 2 potions of ambrosia {unknown}
 m - 3 potions of attraction {unknown}
 n - 3 potions of might {unknown}
 p - 3 potions of berserk rage {unknown}
 q - 2 potions of degeneration {unknown}
 s - a potion of invisibility {unknown}
 u - 3 potions of cancellation {unknown}
 z - a potion of haste {unknown}
 C - a potion of lignification {unknown}


   Skills:
 - Level 5.0 Fighting
 - Level 5.0 Armour
 - Level 3.0 Dodging
 - Level 3.0 Stealth
 + Level 3.0 Shields
 * Level 17.9 Spellcasting
 + Level 10.7 Conjurations
 - Level 1.1 Summonings
 - Level 1.1 Translocations
 - Level 1.2 Transmutations
 + Level 10.2 Fire Magic
 - Level 1.1 Ice Magic
 - Level 1.0 Air Magic
 - Level 3.0 Earth Magic
 - Level 1.3 Poison Magic
 - Level 1.0 Evocations


You had 24 spell levels left.
You knew the following spells:

 Your Spells              Type           Power      Damage    Failure   Level
a - Magic Dart            Conj           100%       1d8       1%          1
b - Mephitic Cloud        Conj/Pois/Air  44%        N/A       1%          3
c - Call Imp              Summ           54%        N/A       2%          2
d - Blink                 Tloc           54%        N/A       2%          2
e - Flame Wave            Conj/Fire      84%        2d18      1%          4
f - Irradiate             Conj/Tmut      25%        3d20      1%          5
g - Freezing Cloud        Conj/Ice/Air   21%        6-21      4%          5

Your spell library contained the following spells:

 Spells                   Type           Power      Damage    Failure   Level
 Spellforged Servitor     Conj/Summ      25%        N/A       45%         7
 Apportation              Tloc           54%        N/A       1%          1
 Dazzling Flash           Conj/Hex       98%        N/A       1%          3
 Frozen Ramparts          Ice            56%        1d9       1%          3
 Ignite Poison            Fire/Tmut/Pois 60%        N/A       1%          3
 Inner Flame              Hex/Fire       64%        N/A       1%          3
 Sticky Flame             Conj/Fire      84%        2d10      1%          4
 Slow                     Hex            88%        N/A       3%          1
 Cigotuvi's Dreadful Rot  Necr/Pois/Air  52%        N/A       3%          2
 Jinxbite                 Hex            44%        N/A       4%          2
 Sublimation of Blood     Necr           22%        N/A       4%          2
 Call Canine Familiar     Summ           27%        N/A       5%          3
 Gell's Gravitas          Tloc           27%        N/A       5%          3
 Teleport Other           Tloc           27%        N/A       5%          3
 Sigil of Binding         Hex            22%        N/A       9%          3
 Conjure Ball Lightning   Conj/Air       25%        3x3d7     11%         6
 Petrify                  Tmut/Erth      33%        N/A       12%         4
 Leda's Liquefaction      Hex/Erth       14%        N/A       16%         4
 Dimensional Bullseye     Hex/Tloc       12%        N/A       22%         4
 Dispel Undead            Necr           22%        3d12      28%         4
 Borgnjor's Vile Clutch   Necr/Erth      14%        N/A       41%         5
 Alistair's Intoxication  Tmut/Pois      18%        N/A       43%         5
 Eringya's Noxious Bog    Tmut/Pois      14%        4d6       52%         6
 Metabolic Englaciation   Hex/Ice        12%        N/A       54%         5
 Silence                  Hex/Air        12%        N/A       54%         5
 Agony                    Necr           22%        N/A       63%         5
 Dispersal                Tloc           13%        N/A       95%         6
 Death Channel            Necr           11%        N/A       99%         6
 Discord                  Hex            11%        N/A       100%        8
 Disjunction              Tloc           13%        N/A       100%        8


Dungeon Overview and Level Annotations

Branches:
Dungeon (13/15)            Temple (1/1) D:5            Lair (0/5) D:9
    Orc (0/2) D:11          Sewer (visited)
 Vaults: D:13-14

Altars:
Ashenzari
Cheibriados
Dithmenos
Elyvilon
Fedhas
Gozag
Hepliaklqana
Kikubaaqudgha
Makhleb
Nemelex Xobeh
Okawaru
Qazlal
Ru
Sif Muna
Trog
Uskayaw
Vehumet
Wu Jian
Xom
Yredelemnul
Zin
The Shining One
Jiyva

Shops:
D:9 [([

Annotations:
D:11 3 runed translucent doors, timneilson's ghost, journeyman GrFi


Message History

A death knight comes into view. It is wielding a +2 battleaxe.
The death knight is engulfed in freezing vapours.
Reach: N) +5 halberd of Urgency {venom, rF+}
Press: ? - help, Dir - move target, f - death knight
Aim: a death knight, wielding a +2 battleaxe and wearing a +0 chain mail (freezing vapour, lightly wounded, about 38% to evade the +5 halberd of Urgency)
You reach to attack!
You hit the death knight.
The death knight is poisoned.
The death knight is lightly wounded.
The death knight is engulfed in freezing vapours.
Reach: N) +5 halberd of Urgency {venom, rF+}
Press: ? - help, Dir - move target, f/p - death knight
Aim: a death knight, wielding a +2 battleaxe and wearing a +0 chain mail (freezing vapour, lightly wounded, poisoned, about 38% to evade the +5 halberd of Urgency)
You slash the death knight!
The death knight looks as sick as possible!
The death knight is moderately wounded.
The death knight is engulfed in freezing vapours.
The death knight offers itself to Yredelemnul, and fills with unholy energy.
The death knight is engulfed in freezing vapours.
The death knight closely misses you.
The death knight reflects your damage back at you!
Your magical contamination has completely faded away.
Unknown command.
Casting: Freezing Cloud (dangerous; 4% risk of failure)
Confirm with . or Enter, or press ? or * to list all spells.
You blink.
The death knight reflects your damage back at you!
The death knight is engulfed in freezing vapours.
The death knight mumbles some strange prayers to Yredelemnul against you.
Your body is wracked with pain!
The death knight reflects your damage back at you!
* * * LOW HITPOINT WARNING * * *
The barbed spikes dig painfully into your body as you move.
* * * LOW HITPOINT WARNING * * *
The death knight reflects your damage back at you!
* * * LOW HITPOINT WARNING * * *
The barbed spikes dig painfully into your body as you move.
* * * LOW HITPOINT WARNING * * *
The death knight reflects your damage back at you!
* * * LOW HITPOINT WARNING * * *
The barbed spikes dig painfully into your body as you move.
You die...

..##§§§p).....##. #.
#.....##...##..# #..#.
#.....##...##..# #..#†
#.....##...##..# #..#.
#.....##...##..# #..#.
#.....##...##..# #..#.
#.....##...##..# #..#.
.##.....##...##..# #..#.
........@........####..#.
..........................
##########################


There were no monsters in sight!

Vanquished Creatures
  Gastronok (D:8)
  3 boulder beetles
  2 tengu warriors (D:13)
  7 two-headed ogres
  Nergalle (D:12)
  Lodul (D:10)
  An ugly thing (D:12)
  3 cyclopes
  2 manticores
  Maurice (D:12)
  3 gargoyles
  A kobold demonologist (D:12)
  2 trolls (D:12)
  2 hornets
  Grinder (D:4)
  2 shadows
  A jumping spider (shapeshifter) (D:9)
  19 yaks
  11 vampire mosquitoes
  A steam dragon (D:10)
  Edmund (D:5)
  3 acid dragons
  7 orc warriors
  2 sky beasts (D:7)
  An ice beast (D:5)
  7 ogres
  3 black bears
  8 centaurs
  A phantom (D:6)
  7 kobold brigands
  4 bullfrogs
  5 gnoll sergeants
  3 scorpions
  11 wights
  5 howler monkeys
  3 gnoll boudas
  2 jellies (D:5)
  8 orc priests
  12 orc wizards
  6 iguanas
  28 gnolls
  9 adders
  6 river rats (Sewer)
  3 white imps
  A worm (D:3)
  3 dart slugs (D:3)
  55 orcs
  5 bats
  6 endoplasms
  5 giant cockroaches
  9 goblins
  6 hobgoblins
  3 jackals (Sewer)
  4 quokkas
  5 ball pythons
  8 frilled lizards
  20 kobolds
  8 rats
348 creatures vanquished.

Vanquished Creatures (collateral kills)
  An ogre (D:5)
  A bullfrog (D:9)
2 creatures vanquished.

Grand Total: 350 creatures vanquished

Notes
Turn   | Place    | Note
-------+----------+-------------------------------------------
     0 | D:1      | pokeman the Deep Elf Hedge Wizard began the quest for the
                  | Orb.
     0 | D:1      | Reached XP level 1. HP: 10/10 MP: 7/7
   166 | D:1      | Reached XP level 2. HP: 15/15 MP: 4/9
  1146 | D:2      | Reached skill level 5 in Spellcasting
  1146 | D:2      | Reached XP level 3. HP: 20/20 MP: 5/11
  1154 | D:2      | Learned a level 3 spell: Mephitic Cloud
  1157 | D:2      | Learned a level 2 spell: Call Imp
  1160 | D:2      | Learned a level 2 spell: Blink
  1714 | D:3      | Found a faded altar of an unknown god.
  1746 | D:3      | Reached skill level 1 in Armour
  1790 | D:3      | Reached skill level 1 in Fighting
  1849 | D:3      | Reached XP level 4. HP: 5/25 MP: 0/13
  2359 | D:3      | Identified the ring of Siur {Fire rElec Str+2}
  3011 | D:4      | Reached skill level 6 in Spellcasting
  3022 | D:4      | Reached XP level 5. HP: 29/29 MP: 1/15
  3028 | D:4      | Noticed an ogre
  3221 | D:4      | Killed an ogre
  3222 | D:4      | Reached skill level 1 in Air Magic
  3222 | D:4      | Reached skill level 1 in Poison Magic
  3335 | D:4      | Learned a level 4 spell: Flame Wave
  3390 | D:4      | Noticed Grinder
  3434 | D:4      | Found a hazy altar of Hepliaklqana.
  3630 | D:4      | Noticed a black bear
  3639 | D:4      | Killed a black bear
  3640 | D:4      | Reached XP level 6. HP: 27/34 MP: 10/17
  3656 | D:4      | Reached skill level 7 in Spellcasting
  3739 | D:4      | Reached skill level 1 in Fire Magic
  4081 | D:5      | Entered Level 5 of the Dungeon
  4139 | D:5      | HP: 1/35 [gnoll/+0 club[a gnoll bouda] (4)]
  4197 | D:5      | Reached XP level 7. HP: 17/39 MP: 2/20
  4377 | D:5      | Found a staircase to the Ecumenical Temple.
  4420 | D:5      | Reached skill level 8 in Spellcasting
  4448 | Temple   | Entered the Ecumenical Temple
  4459 | Temple   | Became a worshipper of Vehumet
  4482 | D:5      | Noticed Edmund
  4535 | D:5      | Killed Edmund
  4736 | D:5      | Found a broken altar of Ashenzari.
  5101 | D:5      | Reached XP level 8. HP: 44/44 MP: 14/22
  5329 | D:5      | Found a glowing golden altar of the Shining One.
  5344 | D:5      | Reached skill level 9 in Spellcasting
  5682 | D:4      | Killed Grinder
  5939 | D:6      | Found a glowing drain.
  5954 | Sewer    | Entered a sewer
  6143 | Sewer    | Reached skill level 5 in Conjurations
  6352 | Sewer    | Reached skill level 10 in Spellcasting
  7011 | D:6      | Reached * piety under Vehumet
  7011 | D:6      | Offered knowledge of Foxfire by Vehumet.
  7294 | D:6      | Found a white marble altar of Elyvilon.
  7294 | D:6      | Found a sacrificial altar of Ru.
  7597 | D:6      | Found a stormy altar of Qazlal.
  7765 | D:7      | Reached XP level 9. HP: 47/49 MP: 19/25
  7845 | D:7      | Reached skill level 11 in Spellcasting
  7858 | D:7      | Reached skill level 5 in Fire Magic
  8027 | D:7      | Found a shimmering blue altar of Sif Muna.
  8120 | D:7      | Offered knowledge of Sandblast by Vehumet.
  8307 | D:7      | Reached ** piety under Vehumet
  8482 | D:7      | Found a hide-covered altar of Uskayaw.
  8798 | D:8      | Reached skill level 1 in Evocations
  8800 | D:8      | Reached skill level 12 in Spellcasting
  9085 | D:8      | Offered knowledge of Hailstorm by Vehumet.
  9321 | D:8      | Noticed Gastronok
  9351 | D:8      | Learned a level 5 spell: Irradiate
  9422 | D:8      | Noticed a two-headed ogre
  9434 | D:8      | Killed a two-headed ogre
  9435 | D:8      | Reached skill level 1 in Transmutations
  9435 | D:8      | Reached XP level 10. HP: 56/56 MP: 12/28
  9731 | D:9      | Noticed a two-headed ogre
  9733 | D:9      | Noticed a two-headed ogre
  9736 | D:9      | HP: 1/54 [centaur/arrow (13)]
  9755 | D:9      | Reached *** piety under Vehumet
  9760 | D:9      | Killed a two-headed ogre
  9761 | D:9      | Reached skill level 13 in Spellcasting
  9780 | D:9      | Noticed a cyclops
  9781 | D:9      | Noticed a two-headed ogre
  9783 | D:9      | Noticed a two-headed ogre
  9812 | D:9      | Killed a two-headed ogre
  9813 | D:9      | Noticed a manticore
  9813 | D:9      | Killed a two-headed ogre
  9993 | D:9      | Found Acygami's Antique Armour Emporium.
 10059 | D:9      | Reached skill level 14 in Spellcasting
 10064 | D:9      | Noticed a gargoyle
 10066 | D:9      | Killed a cyclops
 10170 | D:9      | Killed a gargoyle
 10172 | D:9      | Reached XP level 11. HP: 50/61 MP: 26/31
 10172 | D:9      | Offered knowledge of Volatile Blastmotes by Vehumet.
 10407 | D:9      | Noticed a two-headed ogre
 10433 | D:9      | Killed a two-headed ogre
 10447 | D:9      | Reached **** piety under Vehumet
 10593 | D:9      | Noticed a boulder beetle
 10606 | D:9      | Killed a two-headed ogre
 10607 | D:9      | Reached skill level 15 in Spellcasting
 10620 | D:9      | Offered knowledge of Arcjolt by Vehumet.
 10623 | D:9      | Killed a boulder beetle
 10646 | D:9      | Noticed a boulder beetle
 10817 | D:9      | Killed a boulder beetle
 10818 | D:9      | Reached skill level 5 in Fighting
 11127 | D:9      | Found Awnegor's Antique Weapon Shoppe.
 11176 | D:9      | Identified the +5 halberd of Urgency {venom, rF+}
 11232 | D:9      | Found Enuob's Armour Shoppe.
 11237 | D:9      | Found a staircase to the Lair.
 11611 | D:10     | Entered Level 10 of the Dungeon
 11820 | D:10     | Noticed Lodul
 11830 | D:10     | Reached skill level 1 in Earth Magic
 11830 | D:10     | Killed Lodul
 11831 | D:10     | Reached skill level 16 in Spellcasting
 11945 | D:10     | Noticed an angel
 11946 | D:10     | Found a shimmering altar of Xom.
 11948 | D:10     | Found a glowing silver altar of Zin.
 12033 | D:10     | Identified the +3 dagger "Cixiurir" {freeze, Drain Fly rC+}
 12159 | D:10     | Found a blossoming altar of Fedhas.
 12348 | D:11     | Reached XP level 12. HP: 68/68 MP: 28/34
 12390 | D:11     | Found a runed translucent gate.
 12391 | D:11     | Found a runed translucent gate.
 12392 | D:11     | Found a runed translucent gate.
 12393 | D:11     | Noticed timneilson's ghost (journeyman GrFi)
 12677 | D:11     | Found a staircase to the Orcish Mines.
 12685 | D:11     | Reached ***** piety under Vehumet
 12909 | D:11     | Found a viscous altar of Jiyva.
 12959 | D:12     | Reached skill level 5 in Armour
 12959 | D:12     | Offered knowledge of Spellforged Servitor by Vehumet.
 13115 | D:12     | HP: 3/68 [gnoll sergeant/+3 trident of distortion (10)]
 13230 | D:12     | Noticed Maurice
 13278 | D:12     | Something stole the +3 dagger "Cixiurir" {freeze, Drain Fly
                  | rC+}
 13291 | D:12     | Something stole 737 gold
 13292 | D:12     | Killed Maurice
 13315 | D:12     | Reached skill level 1 in Shields
 13373 | D:12     | Reached skill level 10 in Conjurations
 13379 | D:12     | Reached skill level 17 in Spellcasting
 13624 | D:12     | Learned a level 5 spell: Freezing Cloud
 13710 | D:12     | Noticed Nergalle
 13711 | D:12     | Noticed a two-headed ogre
 13717 | D:12     | Killed a two-headed ogre
 13728 | D:12     | Killed Nergalle
 13729 | D:12     | Reached skill level 1 in Ice Magic
 14229 | D:11     | Noticed a boulder beetle
 14240 | D:11     | Killed a boulder beetle
 14728 | D:8      | Killed Gastronok
 14974 | D:13     | Reached skill level 10 in Fire Magic
 15017 | D:13     | Noticed a tengu warrior
 15020 | D:13     | Noticed a tengu warrior
 15027 | D:13     | Killed a tengu warrior
 15028 | D:13     | Killed a tengu warrior
 15046 | D:13     | Noticed a death knight
 15052 | D:13     | Succumbed to barbed spike wounds

Illustrated notes

Levels and vault maps discovered:
D:1:      lemuel_arrival_cross, layout_basic
D:2:      layout_rooms
D:3:      layout_loops_ring, shapermc_ecumenical_altar_mp_highgroup,
          minivault_27, kennysheep_crisscross
D:4:      minmay_chambers_of_twos, layout_rooms,
          worldfamousw_hep_ancestral_shrine, uniq_grinder
D:5:      layout_basic, lemuel_coloured_pillars_altar, tso_metal_star,
          minmay_temple_entry_mini_moons, serial_aquarium,
          aquarium_bridge_island_small [aquarium_subvault_small_open,
          aquarium_subvault_bridge, aquarium_subvault_bridge,
          aquarium_subvault_wall, aquarium_subvault_bridge],
          aquarium_bridge_square [aquarium_subvault_bridge,
          aquarium_subvault_wall, aquarium_subvault_bridge,
          aquarium_subvault_balcony], aquarium_window_fake,
          aquarium_window_fake, aquarium_window_fake, aquarium_window_fake,
          aquarium_view_2f, aquarium_view_2d, aquarium_pool_split,
          minmay_tree_intersection, uniq_edmund
D:6:      layout_cave_pools, gammafunk_temple_overflow_statue,
          lemuel_round_altar, gup_sewer_entry_pipe
D:7:      layout_basic, kennysheep_mini_moat, nicolae_overflow_crystal_walls
D:8:      layout_basic, chequers_jeans, uniq_gastronok
D:9:      minmay_the_grid_plus [minmay_the_grid_doors,
          minmay_the_grid_small_cups, minmay_the_grid_gridbox,
          minmay_the_grid_embedded,
          minmay_the_grid_prize_four_corners_diamond_a], layout_basic,
          serial_shops, nicolae_shop_crystal, shop,
          nicolae_shop_tiny_statue_garden, minmay_misc_feat_room
D:10:     layout_roguey, grunt_temple_overflow_order_and_chaos_1,
          kennysheep_mini, uniq_lodul
D:11:     layout_basic, david_orc_3, gammafunk_ghost_ooze, dk_vineyard_2
D:12:     layout_cave_pods, uniq_nergalle, uniq_maurice
D:13:     layout_long_grid, gammafunk_ghost_icy, lightli_fourway_metalbox
Temple:   jpeg_temple_clearing

Skill      XL: |  1  2  3  4  5  6  7  8  9 10 11 12 |
---------------+-------------------------------------+-----
Spellcasting   | 5 6 7 8 10 12 14 16 17 | 17.9
Armour         | 1 2 3 4 5 |  5.0
Fighting       | 1 2 3 4 5 |  5.0
Conjurations   | 2 3 4 5 7 8 9 10 | 10.7
Stealth        | 3 |  3.0
Dodging        | 3 |  3.0
Air Magic      | 1 |  1.0
Poison Magic   | 1 |  1.3
Fire Magic     | 1 3 4 6 7 9 10 | 10.2
Evocations     | 1 |  1.0
Transmutations | 1 |  1.2
Earth Magic    | 2 3 |  3.0
Shields        | 3 |  3.0
Ice Magic      | 1 |  1.1
Summonings     | |  1.1
Translocations | |  1.1

Action                     |  1- 3 |  4- 6 |  7- 9 | 10-12 || total
---------------------------+-------+-------+-------+-------++-------
  Melee: Dagger            |    14 |       |     4 |    19 ||    37
         Whip              |       |    27 |    28 |       ||    55
         Punch             |       |     1 |       |       ||     1
         Halberd           |       |       |       |    58 ||    58
   Cast: Magic Dart        |    91 |   132 |   189 |    52 ||   464
         Mephitic Cloud    |       |    10 |    16 |    50 ||    76
         Call Imp          |       |     1 |     2 |     3 ||     6
         Blink             |       |       |     1 |     7 ||     8
         Flame Wave        |       |       |    38 |    51 ||    89
         Irradiate         |       |       |       |    11 ||    11
         Freezing Cloud    |       |       |       |    11 ||    11
    Use: Scroll            |       |       |       |     6 ||     6
   Stab: Confused          |       |     6 |     4 |    10 ||    20
         Sleeping          |       |       |       |     2 ||     2
 Armour: Robe              |    13 |    24 |    75 |    45 ||   157
         Leather armour    |       |       |       |   102 ||   102
  Dodge: Dodged            |    14 |    24 |    73 |   113 ||   224

Table legend: (Time is in decaauts)
 A = Elapsed time spent in this place.
 B = Non-inter-level travel time spent in this place.
 C = Inter-level travel time spent in this place.
 D = Time resting spent in this place.
 E = Time spent auto-exploring this place.
 F = Levels seen in this place.
 G = Mean time per level.
                   A        B        C        D        E       F      G
               +--------+--------+--------+--------+--------+-----+--------+
         Total |  15250 |  14426 |    824 |    817 |  11298 |  15 | 1016.7 |
       Dungeon |  14065 |  13255 |    810 |    817 |  10321 |  13 | 1081.9 |
        Temple |     55 |     42 |     13 |      0 |      0 |   1 |   55.0 |
         Sewer |   1129 |   1129 |      0 |      0 |    977 |   1 | 1129.0 |
               +--------+--------+--------+--------+--------+-----+--------+

Top non-repeatable levels by time:
     D:5: 1710 daAuts
     D:9: 1645 daAuts
     D:8: 1503 daAuts
     D:3: 1351 daAuts
    D:11: 1134 daAuts
   Sewer: 1129 daAuts
     D:4: 1112 daAuts
    D:12: 1096 daAuts
     D:7: 998 daAuts
     D:1: 992 daAuts
     D:6: 966 daAuts
    D:10: 744 daAuts
     D:2: 720 daAuts
    D:13: 90 daAuts
  Temple: 55 daAuts
